 Dungeon Crawl Stone Soup version 0.24-a0-194-g9bee6eb (webtiles) character file.

Game seed: 13714843235713631275

75 Ijustatesigmund the Magician (level 4, -1/30 HPs)
             Began as an Octopode Wizard on Mar 18, 2019.
             Slain by a goblin
             ... wielding a +0 dagger
             ... led by Robin
              (5 damage)
             ... on level 2 of the Dungeon.
             The game lasted 00:04:46 (2125 turns).

Ijustatesigmund the Magician (Octopode Wizard)      Turns: 2125, Time: 00:04:47

Health: -1/30      AC:  1    Str:  6    XL:     4   Next: 31%
Magic:  5/8        EV: 13    Int: 20    God:
Gold:   56         SH:  0    Dex: 11    Spells: 3/9 levels left

rFire    . . .     SeeInvis .   d - +5 short sword
rCold    . . .     Gourm    .   (no shield)
rNeg     . . .     Faith    .   a - +0 hat
rPois    .         Spirit   .   (no amulet)
rElec    .         Reflect  .   (no ring)
rCorr    .         Harm     .   (no ring)
MR       .....                  (no ring)
Stlth    +++.......             (no ring)
HPRegen  0.10/turn              (no ring)
MPRegen  0.11/turn              (no ring)
                                (no ring)
                                (no ring)

@: slowed, very slow
A: almost no armour, stealthy swim, amphibious, 8 rings, constrict 8, camouflage
1, gelatinous body 1
a: no special abilities


You were on level 2 of the Dungeon.
You were not hungry.

You visited 1 branch of the dungeon, and saw 2 of its levels.

You collected 56 gold pieces.

Inventory:

Hand Weapons
 b - a +1 dagger of holy wrath
 d - a +5 short sword (weapon)
 f - a +1 war axe of chopping
Armour
 a - a +0 hat (worn)
Potions
 e - a potion of brilliance
Comestibles
 c - 6 rations


   Skills:
 - Level 2.3 Fighting
 + Level 2.0 Short Blades
 - Level 2.0 Dodging
 - Level 2.6 Stealth
 - Level 3.0 Spellcasting
 + Level 1.0 Conjurations
   Level 1.0 Summonings
 + Level 2.0 Translocations
 + Level 0.1 Fire Magic


You had 3 spell levels left.
You knew the following spells:

 Your Spells              Type           Power        Failure   Level  Hunger
a - Magic Dart            Conj           #...         10%         1    None
b - Blink                 Tloc           N/A          10%         2    ##.....
c - Conjure Flame         Conj/Fire      #.......     32%         3    ###....

Your spell library contained the following spells:

 Spells                   Type           Power        Failure   Level  Hunger
 Call Imp                 Summ           #.......     14%         2    ##.....
 Slow                     Hex            #.......     22%         2    ##.....
 Mephitic Cloud           Conj/Pois/Air  #.......     36%         3    ###....


Dungeon Overview and Level Annotations

Branches:
Dungeon (2/15)

Altars:

Annotations:
D:2 Natasha, Robin


Innate Abilities, Weirdness & Mutations

You cannot wear most types of armour.
You are very stealthy in the water. (Stealth+)
You are amphibious.
You can wear up to eight rings at the same time.
You can use your tentacles to constrict eight enemies at once.
Your skin changes colour to match your surroundings (Stealth+).
Your rubbery body absorbs attacks. (AC +1, EV +1)


Message History

* * * LOW HITPOINT WARNING * * *
Okay, then.
Casting: Magic Dart (safe; 10% risk of failure)
Confirm with . or Enter, or press ? or * to list all spells.
You blink.
You lose your grip on Robin.
You lose your grip on Natasha.
The goblin no longer looks unusually strong.
Robin roars a battlecry!
The goblins go into a battle-frenzy!
Casting: Blink (safe; 10% risk of failure)
Confirm with . or Enter, or press ? or * to list all spells.
Aiming: Magic Dart (safe; 10% risk of failure)
Press: ? - help, Shift-Dir - straight line, f - Robin
Aim: Robin, wielding a +0 club, wearing a +0 animal skin and wearing a +2 helmet (almost dead)
The magic dart hits Robin but does no damage.
Robin is almost dead.
Robin throws the goblin at you!
* * * LOW HITPOINT WARNING * * *
Natasha stares at you and mumbles some strange words.
You feel yourself slow down. The goblin hits you with a +0 dagger.
You die...

....##### ##.#8.8#....#. .#..
#.#<....).....#.
.#....#8†8#....#.
.#...###.##....#.
#####.#...#...#######.
###.....................
#...........##..######## #
#.#..♣.♣.......>######## #.#
#.#....@g...#........... ##'#.
#...........+........§§. .....
#...h.....$.#........§§§
......#.#g........#....§§§§§.§
......#..g........#....§§§§§§.
#....g.#.......#######§§§§.
#..).#.........# #####.
#..#)#.#.......# #. #.
#.#.#....#### #.


You could see Robin, Natasha, a hobgoblin and 2 goblins.

Vanquished Creatures
  Natasha (D:2)
  A worm (D:2)
  5 giant cockroaches
  6 goblins
  8 hobgoblins
  7 jackals
  2 bats (D:1)
  4 frilled lizards
  4 kobolds
  3 rats (D:1)
41 creatures vanquished.

Notes
Turn   | Place    | Note
-------+----------+-------------------------------------------
     0 | D:1      | Ijustatesigmund the Octopode Wizard began the quest for the
                  | Orb.
     0 | D:1      | Reached XP level 1. HP: 11/11 MP: 4/4
   259 | D:1      | Reached skill level 1 in Fighting
   512 | D:1      | Reached XP level 2. HP: 18/18 MP: 0/6
   516 | D:1      | Learned a level 2 spell: Blink
  1416 | D:1      | Reached XP level 3. HP: 24/24 MP: 7/7
  1558 | D:2      | Reached skill level 1 in Short Blades
  1814 | D:2      | Noticed Natasha
  1824 | D:2      | Killed Natasha
  1824 | D:2      | Reached XP level 4. HP: 12/30 MP: 8/8
  2050 | D:2      | Learned a level 3 spell: Conjure Flame
  2106 | D:2      | Noticed Robin
  2116 | D:2      | Noticed Natasha
  2125 | D:2      | Slain by a goblin

Levels and vault maps discovered:
D:1:      psy_arrival_terrarium, layout_basic
D:2:      layout_basic, chequers_garden, small_statue_intersection, uniq_robin,
          uniq_natasha

Skill      XL: |  1  2  3  4 |
---------------+-------------+-----
Fighting       | 1 2 |  2.3
Short Blades   | 1 2 |  2.0
Translocations | 2 |  2.0
Dodging        | |  2.0
Stealth        | |  2.6
Spellcasting   | |  3.0
Conjurations   | |  1.0
Summonings     | |  1.0
Fire Magic     | |  0.1

Action                   |  1- 3 |  4- 6 || total
-------------------------+-------+-------++-------
Melee: Unarmed           |     5 |       ||     5
       Hand axe          |     9 |       ||     9
       Constrict         |    12 |     7 ||    19
       Short sword       |    48 |    13 ||    61
       Tentacles         |     4 |       ||     4
 Cast: Magic Dart        |    32 |     5 ||    37
       Blink             |       |     1 ||     1
  Use: Scroll            |     4 |     1 ||     5
 Stab: Sleeping          |     5 |       ||     5
  Eat: Chunk             |     3 |     1 ||     4
Armor: Skin              |     9 |       ||     9
Dodge: Dodged            |    38 |     7 ||    45

Table legend:
 A = Non-vault XP
 B = Vault XP
 C = Vault XP percentage of total XP
 D = Non-vault monster count
 E = Vault monster count
 F = Vault count percentage of total count
                 A         B        C        D         E       F
            +---------+---------+-------+---------+---------+-------
      Total |      67 |      41 |  38.0 |      37 |       4 |   9.8
            +---------+---------+-------+---------+---------+-------
        D:1 |      37 |       0 |   0.0 |      22 |       0 |   0.0
        D:2 |      30 |      41 |  57.7 |      15 |       4 |  21.1
            +---------+---------+-------+---------+---------+-------
